Map: King's Cove LE

Players

OGZest (Zest) - Winner!

  • Race: Protoss Protoss
  • Spawn Location: 5:00

Lambo

  • Race: Zerg Zerg
  • League: Master
  • Spawn Location: 11:00

Event: HomeStory Cup XIX

VOD

Have the link to the VOD?

Description

Time

  • Played on: June 29, 2019, 12:23 p.m.
  • Length: 10:17

All games in this series

Show
View Real Time Build Order
Export as new Build Order

OGZest Protoss - Winner!

Build Orders: 1 Gate Expand, Archon Immortal, Archon Drop, Dark Templar Rush 

Get SALT Encoding   

  12  0:00  Probe  
  13  0:12  Probe  
  14  0:18  Pylon  
  14  0:24  Probe  
  15  0:33  Probe  
  15  0:38  Gateway  
  15  0:41  Probe  
  16  0:48  Assimilator  
  17  0:51  Probe  
  18  1:03  Probe  
  19  1:15  Probe  
  20  1:26  Nexus  
  20  1:35  Cybernetics Core  
  20  1:38  Probe  
  21  1:43  Assimilator  
  21  1:50  Probe  
  21  1:53  Pylon  
  22  2:02  Probe, Adept  
  23  2:15  Probe  
  26  2:21  Warp Gate  
  26  2:27  Probe  
  26  2:29  Twilight Council  
  27  2:32  Stalker  
  27  2:35  Probe x2  
  29  2:43  Probe x2  
  33  2:53  Robotics Facility  
  33  2:55  Probe  
  34  2:58  Probe  
  35  3:07  Probe  
  35  3:10  Probe  
  37  3:17  Dark Shrine  
  37  3:19  Probe  
  38  3:23  Probe  
  38  3:26  Gateway  
  39  3:31  Probe  
  40  3:35  Probe, Gateway, Warp Prism  
  40  3:38  Gateway  
  43  3:49  Probe x2  
  43  3:54  Pylon  
  45  4:00  Assimilator  
  45  4:01  Probe  
  45  4:02  Assimilator  
  46  4:06  Pylon  
  46  4:12  Probe, Adept  
  46  4:15  Probe  
  50  4:24  Probe  
  50  4:27  Probe  
  50  4:28  Pylon  
  52  4:37  Probe  
  53  4:38  Dark Templar x2  
  53  4:39  Dark Templar  
  53  4:40  Dark Templar  
  61  4:47  Pylon  
  61  4:48  Probe  
  61  4:49  Probe  
  63  5:03  Observer  
  61  5:09  Nexus  
  61  5:14  Charge, Forge, Probe x2  
  64  5:22  Immortal  
  64  5:29  Archon  
  64  5:31  Dark Templar, Archon  
  64  5:35  Pylon  
  66  5:36  Pylon  
  66  5:40  Probe  
  66  5:41  Probe  
  66  5:42  Protoss Ground Weapons Level 1  
  72  5:53  Probe x2  
  72  5:56  Immortal  
  74  6:06  Probe  
  74  6:07  Probe  
  76  6:11  Gateway  
  76  6:13  Gateway  
  76  6:14  Gateway  
  76  6:21  Sentry x2  
  76  6:22  Sentry x2, Gateway  
  84  6:26  Probe  
  84  6:27  Probe x2, Immortal  
  87  6:34  Pylon  
  91  6:43  Probe x2  
  93  6:49  Shield Battery  
  93  6:50  Pylon  
  93  6:55  Dark Templar x2  
  93  6:57  Dark Templar  
  93  6:59  Archon  
  93  7:00  Zealot  
  101  7:05  Zealot  
  103  7:09  Zealot x2  
  103  7:10  Assimilator  
  103  7:11  Assimilator  
  103  7:14  Immortal  
  107  7:27  Probe x2  
  111  7:30  Photon Cannon  
  111  7:32  Photon Cannon  
  111  7:33  Blink  
  111  7:34  Templar Archives  
  111  7:35  Probe  
  112  7:39  Probe  
  112  7:40  Probe  
  114  7:46  Immortal  
  114  7:51  Photon Cannon, Probe  
  115  7:52  Probe x2  
  115  7:53  Protoss Ground Armor Level 1  
  121  8:04  Photon Cannon  
  121  8:09  Photon Cannon  
  121  8:11  Photon Cannon  
  121  8:23  Stalker, Dark Templar  
  125  8:27  Pylon  
  125  8:29  Archon  
  125  8:30  Pylon  
  125  8:32  Pylon  
  125  8:34  Pylon  
  125  8:45  Nexus  
  125  8:47  Dark Templar x4  
  133  8:51  Archon, Dark Templar x2  
  133  8:52  Archon  
  133  8:55  Pylon  
  137  8:57  Pylon  
  137  8:58  Pylon  
  137  8:59  Archon  
  137  9:00  Pylon  
  137  9:03  Stalker x2  
  137  9:05  Photon Cannon  
  138  9:22  Stalker x2  
  138  9:23  Stalker x2  
  145  9:25  Stalker x2  
  145  9:26  Stalker  
  145  9:31  Observer  
  148  9:55  Stalker  
  148  9:56  Stalker x4  
  132  10:02  Stalker x3  
Show
View Real Time Build Order
Export as new Build Order

Lambo Zerg 

Build Orders: Hatch First 

Get SALT Encoding   

  12  0:00  Drone  
  13  0:13  Overlord  
  13  0:17  Drone  
  14  0:31  Drone x2  
  16  0:49  Hatchery  
  15  0:52  Drone  
  15  0:56  Drone  
  17  0:59  Drone  
  18  1:11  Extractor  
  17  1:15  Spawning Pool  
  17  1:18  Drone  
  17  1:22  Drone  
  18  1:28  Drone  
  19  1:43  Drone  
  20  1:52  Overlord  
  20  2:03  Zergling x2, Queen x2  
  20  2:04  Zergling x2  
  26  2:12  Drone x2  
  28  2:23  Drone x2  
  30  2:33  Drone x2  
  32  2:39  Hatchery  
  31  2:44  Pneumatized Carapace  
  31  2:47  Drone  
  32  2:52  Overlord  
  32  2:55  Drone  
  33  3:00  Drone  
  34  3:08  Drone x2  
  34  3:10  Queen  
  34  3:12  Drone x2  
  40  3:18  Drone  
  41  3:22  Overlord  
  41  3:26  Drone  
  42  3:33  Drone x2  
  44  3:36  Lair  
  44  3:39  Roach Warren  
  43  3:42  Drone x2  
  43  3:43  Drone x2  
  43  3:45  Drone  
  48  3:48  Extractor  
  48  3:50  Extractor  
  48  3:53  Queen  
  48  3:56  Drone  
  48  3:57  Drone  
  48  4:00  Drone x2  
  52  4:04  Overlord  
  52  4:06  Drone  
  53  4:10  Overlord  
  53  4:16  Overlord  
  53  4:17  Drone  
  53  4:18  Drone  
  53  4:19  Roach  
  53  4:23  Roach  
  53  4:24  Roach  
  61  4:27  Roach  
  63  4:32  Roach x2  
  67  4:38  Overseer  
  67  4:39  Roach  
  67  4:40  Roach  
  67  4:42  Overlord  
  67  4:44  Roach  
  73  4:59  Roach x2  
  69  5:02  Drone x7  
  69  5:06  Drone x2  
  75  5:13  Drone x2  
  73  5:17  Drone  
  73  5:18  Drone  
  73  5:19  Drone  
  75  5:21  Drone  
  75  5:25  Extractor  
  75  5:29  Drone x2  
  75  5:34  Roach x2  
  81  5:38  Overlord  
  81  5:40  Overlord  
  80  5:47  Overlord  
  80  5:48  Overlord  
  79  5:50  Roach  
  79  5:55  Queen  
  83  5:59  Drone x5  
  85  6:07  Drone x4  
  85  6:10  Overseer  
  87  6:17  Drone x5  
  88  6:22  Drone  
  89  6:25  Drone x2  
  89  6:26  Evolution Chamber  
  89  6:32  Spire  
  89  6:35  Glial Reconstitution  
  89  6:36  Drone x3  
  92  6:40  Extractor  
  92  6:41  Extractor  
  92  6:45  Drone  
  91  6:47  Drone  
  91  6:51  Hatchery  
  91  6:55  Roach x4  
  91  6:59  Drone x2  
  101  7:02  Roach  
  101  7:05  Roach  
  101  7:07  Overseer, Ravager  
  105  7:11  Overlord x2  
  105  7:13  Overlord  
  105  7:16  Overlord  
  105  7:17  Overlord  
  105  7:21  Overlord  
  105  7:24  Overlord  
  105  7:26  Overlord  
  105  7:30  Overlord x2  
  105  7:36  Roach x4  
  113  7:38  Zerg Missile Weapons Level 1, Drone  
  113  7:39  Drone x2  
  113  7:40  Roach  
  118  7:47  Hatchery  
  118  7:49  Mutalisk  
  118  7:50  Mutalisk x2  
  123  7:59  Mutalisk x4  
  131  8:05  Drone x4  
  131  8:08  Baneling Nest  
  131  8:09  Mutalisk  
  131  8:12  Roach  
  138  8:14  Metabolic Boost  
  138  8:20  Overlord  
  138  8:24  Overlord  
  138  8:26  Overlord x2  
  138  8:27  Roach  
  138  8:28  Roach  
  138  8:29  Ravager  
  138  8:33  Roach  
  138  8:34  Zergling x4, Roach  
  149  8:38  Roach  
  149  8:39  Zergling x4  
  153  8:41  Ravager x2  
  153  8:43  Roach x2  
  153  8:46  Roach  
  153  8:47  Roach  
  163  8:49  Roach x2  
  167  8:59  Infestation Pit  
  169  9:02  Drone x3  
  169  9:03  Drone x3  
  169  9:04  Zergling x2  
  173  9:13  Zergling x6, Roach x3  
  180  9:21  Zergling x14  
  187  9:28  Overlord  
  187  9:29  Zergling x10  
  192  9:36  Baneling x14  
  192  9:39  Overlord  
  192  9:44  Zergling x10  
  192  9:46  Zergling x2  
  192  9:49  Roach x2  
  169  9:53  Roach x3  
Tags
 
Add a new tag
Caveats
  • Supply blocks, unpowered buildings, or Contaminate may cause inaccurate times.
  • Supply counts are checked every 10 seconds.